Map: Inside and Out

Players

ИИ 1 (ученик) - Winner!

  • Race: Terran Terran
  • Spawn Location: 1:00

Doll

  • Race: Zerg Zerg
  • Spawn Location: 7:00

VOD

Have the link to the VOD?

Description

Time

  • Played on: Sept. 20, 2022, 4:55 p.m.
  • Length: 5:43
Show
View Real Time Build Order
Export as new Build Order

ИИ 1 (ученик) Terran - Winner!

Build Orders: 2 Factory 

Get SALT Encoding   

  12  0:00  SCV  
  13  0:15  Supply Depot  
  13  0:16  SCV  
  14  0:28  SCV  
  15  0:41  Barracks, SCV  
  16  0:53  SCV  
  17  1:05  SCV  
  18  1:16  Command Center  
  18  1:19  SCV  
  19  1:29  Marine  
  19  1:30  Supply Depot  
  20  1:42  Barracks, SCV  
  21  1:47  Marine  
  21  1:53  Refinery  
  22  1:54  SCV  
  23  2:04  Refinery  
  23  2:05  Marine  
  23  2:06  SCV  
  25  2:18  SCV  
  26  2:22  Marine  
  26  2:28  Marine, Orbital Command  
  28  2:40  Orbital Command  
  28  2:43  Marine  
  29  2:46  Marine  
  30  2:57  Factory  
  30  2:58  SCV  
  31  3:02  Marine  
  32  3:07  Barracks Tech Lab  
  32  3:08  SCV  
  32  3:10  SCV  
  34  3:18  Bunker  
  34  3:20  SCV  
  34  3:21  Barracks Tech Lab  
  34  3:25  Factory  
  34  3:27  SCV  
  36  3:32  Stimpack, SCV  
  37  3:37  Marauder  
  37  3:39  Marine  
  40  3:41  Factory Tech Lab  
  40  3:43  SCV  
  40  3:46  SCV  
  42  3:52  Supply Depot  
  42  3:56  SCV  
  42  3:58  Marauder, SCV  
  46  4:03  Combat Shield  
  46  4:06  Supply Depot  
  45  4:10  Factory Tech Lab, SCV  
  45  4:13  SCV  
  45  4:15  Marauder  
  49  4:22  Supply Depot, Marauder, SCV  
  52  4:25  SCV  
  53  4:34  SCV  
  53  4:36  Marine  
  53  4:37  Starport, SCV  
  56  4:46  Supply Depot, SCV  
  56  4:50  SCV  
  56  4:51  Supply Depot  
  58  4:57  Engineering Bay  
  58  4:58  SCV  
  59  5:01  Marauder  
  59  5:05  Engineering Bay  
  61  5:14  Refinery  
  61  5:16  Refinery  
  61  5:17  SCV  
  61  5:18  SCV  
  68  5:29  Command Center  
Show
View Real Time Build Order
Export as new Build Order

Doll Zerg 

Build Orders: Hatch First 

Get SALT Encoding   

  12  0:00  Drone  
  13  0:13  Overlord  
  13  0:19  Drone  
  14  0:31  Drone x2  
  17  0:35  Drone  
  17  0:54  Hatchery  
  17  0:56  Drone  
  17  0:59  Extractor  
  17  1:01  Drone  
  17  1:18  Spawning Pool  
  16  1:19  Drone  
  16  1:23  Drone  
  18  1:29  Drone  
  19  1:39  Overlord  
  19  1:53  Drone  
  20  2:04  Queen  
  20  2:05  Queen  
  20  2:06  Zergling x2  
  20  2:07  Zergling x2  
  26  2:13  Drone  
  27  2:16  Metabolic Boost  
  27  2:19  Drone  
  28  2:23  Drone  
  29  2:32  Drone, Spine Crawler  
  29  2:38  Drone  
  30  2:45  Drone x2  
  30  2:49  Queen  
  34  2:54  Overlord  
  34  2:59  Drone  
  35  3:06  Zergling x2  
  35  3:10  Overlord  
  36  3:14  Drone x3  
  36  3:15  Drone  
  40  3:21  Queen  
  42  3:31  Lair  
  42  3:34  Zergling x2  
  42  3:35  Zergling x4  
  42  3:37  Zergling x2  
  42  3:39  Zergling x2  
  47  3:43  Overlord  
  47  3:49  Zergling x2  
  47  3:54  Extractor  
  47  3:55  Drone x2  
  49  3:56  Drone x2  
  49  3:57  Drone  
  52  4:06  Overlord  
  52  4:09  Drone  
  54  4:10  Drone  
  54  4:18  Zergling x6  
  54  4:21  Queen  
  54  4:22  Overlord  
  59  4:27  Zergling x2  
  59  4:28  Zergling x4  
  59  4:30  Overseer  
  59  4:31  Overseer  
  62  4:33  Drone  
  63  4:46  Pneumatized Carapace  
  63  4:49  Drone x2, Hatchery  
  64  4:53  Overlord  
  64  4:59  Drone x3  
  68  5:00  Drone  
  68  5:01  Drone  
  68  5:03  Drone  
  70  5:14  Drone x3  
  72  5:15  Drone  
  72  5:16  Drone  
  72  5:19  Spore Crawler  
  72  5:21  Spore Crawler  
Tags
 
Add a new tag
Caveats
  • Supply blocks, unpowered buildings, or Contaminate may cause inaccurate times.
  • Supply counts are checked every 10 seconds.